 Dungeon Crawl Stone Soup version 0.13.0-13-g27bfa31 (webtiles) character file.

586 Kejsarherre the Covered (level 7, -4/42 HPs)
             Began as a Gargoyle Monk on Oct 19, 2013.
             Slain by Pikel
             ... wielding a +2,+1 whip of electrocution
              (5 damage)
             ... on Level 4 of the Dungeon.
             The game lasted 00:08:11 (3228 turns).

Kejsarherre the Covered (Gargoyle Monk)             Turns: 3228, Time: 00:08:11

HP  -4/42        AC 12     Str 14      XL: 7   Next: 14%
MP   6/6         EV  9     Int 15      God:
Gold 96          SH  0     Dex 12      Spells:  0 memorised,  6 levels left

Res.Fire  : . . .   See Invis. : .   f - +0 hand axe
Res.Cold  : + . .   Warding    : .   d - +0 ring mail
Life Prot.: + . .   Conserve   : .   (no shield)
Res.Poison: +       Res.Corr.  : .   (no helmet)
Res.Elec. : +       Clarity    : .   (no cloak)
Sust.Abil.: . .     Spirit.Shd : .   (no gloves)
Res.Mut.  : .       Stasis     : .   n - +0 pair of boots
Res.Rott. : +       Flight     : .   (no amulet)
Saprovore : . . .                    r - ring of protection from cold
                                     o - ring of wizardry

@: slightly resistant to hostile enchantments, unstealthy
A: fangs 1, talons 2, blurry vision 1, mutation resistance 1, life protection 1,
screaming 1, electricity resistance, slow metabolism 1, unbreathing,
petrification resistance, AC +4, Int +2
a: no special abilities


You were on level 4 of the Dungeon.
You were not hungry.

You visited 1 branch of the dungeon, and saw 4 of its levels.

You collected 96 gold pieces.

Inventory:

Hand weapons
 f - a +0,+0 hand axe (weapon)
Missiles
 D - 4 javelins (quivered)
Armour
 d - a +0 ring mail (worn)
 n - a +0 pair of boots (worn)
Magical devices
 l - a wand of random effects (7)
Comestibles
 b - 5 bread rations
 c - a slice of pizza
 i - 3 meat rations
 u - a beef jerky
Scrolls
 a - a scroll of enchant armour {unknown}
 g - 2 scrolls of enchant weapon II
 j - 2 scrolls of remove curse {unknown}
 k - a scroll of curse jewellery {unknown}
 m - a scroll of magic mapping {unknown}
 q - a scroll of curse weapon {unknown}
 s - a scroll of noise {unknown}
 t - a scroll of teleportation {unknown}
 v - a scroll of enchant weapon I {unknown}
 y - a scroll of recharging {unknown}
 B - a scroll of amnesia {unknown}
 C - a scroll of identify
Jewellery
 o - a ring of wizardry (left hand)
 r - a ring of protection from cold (right hand)
Potions
 p - a potion of restore abilities
 A - a potion of porridge
Books
 x - a book of Envenomations

   Spells                             Type                      Level
   Spider Form                        Transmutation/Poison         3
   Poison Weapon                      Charms/Poison                3
   Summon Scorpions                   Summoning/Poison             4
   Olgreb's Toxic Radiance            Poison                       4
   Poisonous Cloud                    Conjuration/Poison/Air       6


   Skills:
 + Level 5.2 Fighting
 * Level 2.2 Axes
 * Level 5.9 Armour
 - Level 2.4 Dodging
 - Level 2.1 Stealth
 - Level 4.3 Unarmed Combat


You had 6 spell levels left.
You didn't know any spells.

Dungeon Overview and Level Annotations

Branches:
Dungeon (4/27)
 Temple: D:4-7

Altars:
Kikubaaqudgha

Shops:
D:4 (

Annotations:
D:3 Prince Ribbit
D:4 Pikel


Innate Abilities, Weirdness & Mutations

You are resistant to torment.
You are immune to poison.
Your stone body is very resilient (AC +4).
You have very sharp teeth.
You have razor-sharp toenails.
You resist negative energy.
You are resistant to electric shocks.
You have a slow metabolism.
You can survive without breathing.
You are immune to petrification.
Your vision is a little blurry.
Your mind is acute. (Int +2)
You are somewhat resistant to further mutation.
You occasionally shout uncontrollably.


Message History

The worker ant bites you but does no damage.
Pikel hits you but does no damage.
The worker ant bites you but does no damage.
The orc shouts!
Pikel hits you but does no damage. The worker ant bites you.
* * * LOW HITPOINT WARNING * * *
The giant eyeball stares at you. You resist.
You can move again.
You hit Pikel.
Pikel is moderately wounded.
The worker ant bites you but does no damage.
Pikel closely misses you.
Unknown command.
Unknown command.
Unknown command.
You hit Pikel but do no damage.
Pikel is moderately wounded.
The worker ant bites you but does no damage.
Pikel hits you with a glowing whip.
You die...

....#####.<....#.#
#.)..........#.#
#####.###.####.# #.#
#%####.#####.##
##.###.............#
#..%########.#...#.# #...#
#...#... #...########.#.# .#
#...##@a@K@@G..# .# .
#####...##.#####o#.##.# a$.
#.............###....@a#.....o
..............##a#.#....)....
..............##∩#@#.##.....@
####....#(.##.##.....(# ....
#....#........#.#..# ..
#....#.###.##.#....# #....#.#
#.##$#.....#


You could see Pikel, 3 slaves, a giant eyeball, a worker ant and an orc.

Vanquished Creatures
  Grinder (D:4)
  A giant frog skeleton (D:4)
  A scorpion (D:4)
  Ijyb (D:2)
  3 gnolls
  6 adders
  A giant mite (D:1)
  2 worms
  2 giant geckos
  9 orcs (D:3)
  A ball python (D:3)
  2 giant cockroaches (D:1)
  6 hobgoblins
  7 jackals
  9 kobolds
  A quokka (D:3)
  13 bats
  2 giant newts (D:2)
  10 goblins
  5 rats
83 creatures vanquished.

Notes
Turn   | Place    | Note
--------------------------------------------------------------
     0 | D:1      | Kejsarherre, the Gargoyle Monk, began the quest for the Orb.
     0 | D:1      | Reached XP level 1. HP: 12/12 MP: 0/0
    25 | D:1      | Reached skill level 1 in Armour
    25 | D:1      | Reached XP level 2. HP: 12/17 MP: 1/1
   318 | D:1      | Reached XP level 3. HP: 22/22 MP: 2/2
   564 | D:2      | Noticed Ijyb
   579 | D:2      | Killed Ijyb
   680 | D:2      | Reached XP level 4. HP: 15/28 MP: 3/3
  1630 | D:2      | Reached XP level 5. HP: 26/32 MP: 4/4
  2251 | D:3      | Gained mutation: Your mind is acute. (Int +2) [potion of mutation]
  2251 | D:3      | Gained mutation: You are somewhat resistant to further mutation. [potion of mutation]
  2251 | D:3      | Gained mutation: You occasionally shout uncontrollably. [potion of mutation]
  2252 | D:3      | Gained mutation: Your vision is a little blurry. [potion of mutation]
  2315 | D:3      | Found an ancient bone altar of Kikubaaqudgha.
  2778 | D:4      | Noticed Prince Ribbit
  2778 | D:4      | Noticed Grinder
  2779 | D:4      | Found Kiwicuaclir's Antique Weapon Emporium.
  2835 | D:4      | Killed Grinder
  2835 | D:4      | Reached skill level 5 in Fighting
  2835 | D:4      | Reached skill level 5 in Armour
  2835 | D:4      | Reached XP level 6. HP: 10/37 MP: 5/5
  2835 | D:4      | Reached XP level 7. HP: 11/42 MP: 6/6
  3155 | D:4      | Noticed a slave
  3156 | D:4      | Noticed a slave
  3157 | D:4      | Noticed a slave
  3189 | D:4      | Noticed Pikel
  3191 | D:4      | Noticed a slave
  3217 | D:4      | Paralysed by a giant eyeball for 2 turns
  3223 | D:4      | Paralysed by a giant eyeball for 4 turns
  3226 | D:4      | HP: 1/42 [worker ant (3)]
  3228 | D:4      | Slain by Pikel

Action                   |  1- 3 |  4- 6 |  7- 9 || total
-------------------------+-------+-------+-------++-------
Melee: Unarmed           |    78 |   156 |       ||   234
       Hand axe          |       |   126 |    86 ||   212
Evoke: Wand              |       |     4 |       ||     4
  Use: Scroll            |       |     7 |       ||     7
       Potion            |       |     7 |       ||     7
 Stab: Sleeping          |     1 |       |       ||     1
